[Event "Team 45 45 League T84"]
[Site "Internet Chess Club"]
[Date "2020.05.08"]
[Round "6"]
[White "Portola"]
[Black "Packerfan"]
[Result "0-1"]
[WhiteElo "1662"]
[BlackElo "1793"]
[Opening "Dutch, 2.Bg5 variation"]
[ECO "A80"]
[Time "14:30:43"]
[TimeControl "2700+45"]

1. d4 f5 2. Bg5 Nf6 3. Bxf6 exf6 4. e3 d5 5. Nd2 Bd6 6. Bd3 Be6 7. Ngf3 Nc6 8.
a3 O-O 9. c4 f4 10. cxd5 fxe3 11. dxe6 exd2+ 12. Qxd2 Ne7 13. O-O c6 14. Rfe1
Bc7 15. Re4 Qd6 16. Qc2 f5 17. Ree1 Rad8 18. Bc4 Rf6 19. Rad1 Nd5 20. Bxd5 Qxd5
21. Ng5 Re8 22. Nf3 Rfxe6 23. Rxe6 Rxe6 24. Ne5 Bxe5 25. dxe5 Qxe5 26. Qd2 Re8
27. b4 Kf7 28. Qa2+ Qe6 29. Qd2 g6 30. g3 Qe2 31. Qd4 a6 32. Ra1 Qe5 33. Qd1 Rd8
34. Qf1 Qc3 35. Re1 Rd2 36. Qh3 h5 37. Qh4 Rd7 38. Re3 Qd4 39. Qg5 Qf6 40. Qh6
Qg7 41. Qg5 Kg8 42. Re6 Kh7 43. Re3 Qf7 44. Re1 Qb3 45. Re7+ Rxe7 46. Qxe7+ Kh6
47. Qxb7 Qxa3 48. Qxc6 Qxb4 49. Qxa6 Qe1+ 50. Kg2 Qe4+ 51. Kg1 h4 52. Qf6 Kh5
53. Qh8+ Kg5 54. Qd8+ Kh5 55. Qh8+ Kg5 56. f4+ Kg4 57. Qxh4+ Kf3 58. Qh3 Qe3+
{White resigns} 0-1

[Event "Team 45 45 League T84"]
[Site "Internet Chess Club"]
[Date "2020.05.10"]
[Round "6"]
[White "Electryon"]
[Black "Mitochondria"]
[Result "0-1"]
[WhiteElo "1439"]
[BlackElo "1611"]
[Opening "English opening"]
[ECO "A05"]
[Time "19:02:29"]
[TimeControl "2700+45"]

1. Nf3 Nf6 2. c4 g6 3. b4 Bg7 4. Bb2 O-O 5. g3 d6 6. Bg2 c6 7. O-O Na6 8. b5
cxb5 9. cxb5 Nc5 10. d3 Bd7 11. a4 Rc8 12. Nbd2 a6 13. bxa6 bxa6 14. a5 Rb8 15.
Qc2 Rb5 16. Nc4 Nb3 17. Ra3 Nxa5 18. Nxa5 Rxa5 19. Rxa5 Qxa5 20. Ra1 Qb6 21. Bd4
Qb7 22. Ne5 Qc8 23. Qxc8 Bxc8 24. Nc6 Re8 25. Nb8 Bg4 26. f3 Rxb8 27. fxg4 Nxg4
28. Bxg7 Kxg7 29. h3 Ne3 30. Rxa6 Nxg2 31. Kxg2 d5 32. Kf3 Rb4 33. Rc6 h5 34.
Rc5 e6 35. e3 g5 36. e4 g4+ 37. hxg4 hxg4+ 38. Ke3 dxe4 39. Rg5+ Kf8 40. Rxg4 f5
41. Rf4 Rb3 42. g4 Rxd3+ 43. Ke2 Rd5 44. gxf5 exf5 45. Rh4 Kg7 46. Ke3 Kg6 47.
Rh8 Rd7 48. Kf4 Rf7 49. Rg8+ Kf6 50. Rg5 Ke6 51. Rg6+ Kd5 52. Ra6 Kd4 53. Rd6+
Kc5 54. Rd8 Kc6 55. Rd1 Kc5 56. Rd8 Rf6 57. Rd1 Rf8 58. Rd7 Kc4 59. Rd1 Kc3 60.
Rd7 Re8 61. Rc7+ Kd2 62. Rd7+ Ke2 63. Ra7 Rd8 64. Kxf5 e3 65. Kf4 Rf8+ 66. Ke4
Kf2 67. Ra2+ e2 68. Kd3 Rd8+ 69. Ke4 Kf1 {White resigns} 0-1

[Event "Team 45 45 League T84"]
[Site "Internet Chess Club"]
[Date "2020.05.08"]
[Round "6"]
[White "sburreus09"]
[Black "clarinetref"]
[Result "1-0"]
[WhiteElo "1540"]
[BlackElo "1414"]
[Opening "Robatsch defense: three pawns attack"]
[ECO "B06"]
[Time "20:02:13"]
[TimeControl "2700+45"]

1. e4 g6 2. d4 Bg7 3. f4 e6 4. Nf3 Ne7 5. Bd3 d5 6. c3 dxe4 7. Bxe4 Nd7 8. Nbd2
Nf6 9. Bd3 Ned5 10. Nc4 O-O 11. Qe2 c6 12. Bd2 Qc7 13. Nce5 Nd7 14. h4 Nxe5 15.
fxe5 f6 16. O-O-O fxe5 17. dxe5 Nf4 18. Bxf4 Rxf4 19. h5 Bh6 20. Kb1 g5 21. g3
Rf7 22. Nh2 Bg7 23. Ng4 h6 24. Bg6 Rd7 25. Nf6+ Bxf6 26. exf6 Rf7 27. Rhf1 Bd7
28. Bxf7+ Kxf7 29. Qe4 Rg8 30. Qh7+ Kf8 31. Qe7# {Black checkmated} 1-0

[Event "Team 45 45 League T84"]
[Site "Internet Chess Club"]
[Date "2020.05.07"]
[Round "6"]
[White "sdcohle"]
[Black "nosir"]
[Result "1/2-1/2"]
[WhiteElo "1345"]
[BlackElo "1423"]
[Opening "Philidor: Improved Hanham variation"]
[ECO "B07"]
[Time "17:01:08"]
[TimeControl "2700+45"]

1. e4 d6 2. d4 Nf6 3. Nc3 Nbd7 4. Nf3 e5 5. dxe5 dxe5 6. h3 Be7 7. Be3 c6 8. Qd2
Qc7 9. O-O-O Nc5 10. Bxc5 Bxc5 11. Nxe5 Bxf2 12. Nxf7 Kxf7 13. Qxf2 Be6 14. Re1
Qe5 15. Bd3 Rhe8 16. g4 Kg8 17. Re3 Qa5 18. Kb1 b5 19. e5 Nd5 20. Nxd5 Bxd5 21.
Bxh7+ Kxh7 22. Ra3 Qc7 23. Re1 Rxe5 24. Rf1 Rae8 25. Qh4+ Kg8 26. Qf2 Qe7 27. c3
Re1+ 28. Rxe1 Qxe1+ 29. Qxe1 Rxe1+ 30. Kc2 Re2+ 31. Kc1 Rh2 32. Rxa7 Rxh3 33. a4
bxa4 34. Rxa4 Rh4 35. Rd4 Kf7 36. c4 Bf3 37. Rf4+ Ke6 38. Rxf3 Rxg4 39. b3 c5
40. Kc2 Rd4 41. Rg3 Kf6 42. Kc3 g5 43. b4 Rd7 44. b5 Kf5 45. Rd3 Rc7 46. Rd5+
Kf4 47. b6 Rb7 48. Rxc5 Rxb6 49. Rb5 Rc6 50. c5 Ke5 51. Kc4 g4 52. Rb6 Rc7 53.
Rg6 Kf5 54. Rg8 Kf4 55. Kd5 Rd7+ 56. Ke6 Rc7 57. Kd6 Ra7 58. c6 Ra6 59. Kd7 g3
60. c7 Ra7 61. Kd8 Ra8+ 62. c8=Q Rxc8+ 63. Kxc8 Kf3 64. Kd7 Kf2 65. Ke6 g2 66.
Ke5 g1=Q 67. Rxg1 Kxg1 {Game drawn because neither player has mating material}
1/2-1/2

[Event "Team 45 45 League T84"]
[Site "Internet Chess Club"]
[Date "2020.05.09"]
[Round "6"]
[White "MathBandit"]
[Black "Demachaeron"]
[Result "1-0"]
[WhiteElo "1735"]
[BlackElo "1733"]
[Opening "Tennison (Lemberg, Zukertort) gambit"]
[ECO "B01"]
[Time "09:01:23"]
[TimeControl "2700+45"]

1. e4 d5 2. Nf3 dxe4 3. Ng5 Nf6 4. Bc4 e6 5. Nc3 Be7 6. O-O O-O 7. Ngxe4 Nxe4 8.
Nxe4 Nd7 9. d4 c6 10. Bf4 Nf6 11. Nxf6+ Bxf6 12. c3 Qe7 13. Qh5 g6 14. Qf3 Kg7
15. Rfe1 Rd8 16. Rad1 Qe8 17. Bh6+ Kxh6 18. Qxf6 Qh8 19. Qf4+ Kg7 20. Rd3 Qf8
21. Rh3 Kg8 22. Qf6 Bd7 23. Qf4 e5 24. dxe5 Bxh3 25. gxh3 Qe7 26. h4 Kg7 27. h5
h6 28. h4 Rf8 29. Re3 Rad8 30. Rg3 Kh7 31. Bxf7 g5 32. hxg5 hxg5 33. Qf5+ Kh8
34. e6 Rd5 35. Qg6 Rxf7 36. exf7 Qf8 37. Qf6+ Kh7 38. Rxg5 Rxg5+ 39. Qxg5 Qxf7
40. Qg6+ Qxg6+ 41. hxg6+ Kxg6 42. Kg2 Kf5 43. Kf3 a5 44. a4 b5 45. b3 bxa4 46.
bxa4 Ke5 47. Ke3 c5 48. c4 Kf5 49. f4 Ke6 50. Ke4 Kd6 51. f5 {Black resigns} 1-0

[Event "Team 45 45 League T84"]
[Site "Internet Chess Club"]
[Date "2020.05.09"]
[Round "6"]
[White "ascoli"]
[Black "JeffH"]
[Result "0-1"]
[WhiteElo "1595"]
[BlackElo "1707"]
[Opening "King's Indian: Kazakh variation"]
[ECO "E91"]
[Time "10:01:35"]
[TimeControl "2700+45"]

1. d4 Nf6 2. c4 g6 3. Nc3 Bg7 4. e4 d6 5. Nf3 O-O 6. Be2 Na6 7. O-O e5 8. Bg5 h6
9. Bh4 Qe8 10. d5 Nc5 11. Qc2 a6 12. b4 Ncd7 13. Ne1 a5 14. Nb5 Qd8 15. c5 axb4
16. cxd6 cxd6 17. Nxd6 Qe7 18. Qc7 Qd8 19. Qxd8 Rxd8 20. Nxc8 Rdxc8 21. f3 Bf8
22. Nd3 Rc2 23. Bd1 Rd2 24. Nxe5 Nxe5 25. Bxf6 Nd7 26. Bh4 Bg7 27. Rb1 Raxa2 28.
Bg3 Bd4+ 29. Kh1 Nc5 30. Bb3 Ra3 31. Bf4 Nxb3 32. Rxb3 Rxb3 33. Bxd2 Kf8 34.
Bxh6+ Ke8 35. Rc1 Rc3 36. Rb1 b3 37. h4 Rd3 38. Bc1 Rd1+ 39. Kh2 b2 40. Rxb2
Bxb2 41. Bxb2 b5 42. Kg3 b4 43. Kf4 Rd2 44. Bd4 Rxd4 {White resigns} 0-1

[Event "Team 45 45 League T84"]
[Site "Internet Chess Club"]
[Date "2020.05.11"]
[Round "6"]
[White "Chess4Him"]
[Black "KidRattler"]
[Result "0-1"]
[WhiteElo "1439"]
[BlackElo "1660"]
[Opening "Queen's pawn: London system"]
[ECO "A45"]
[Time "20:01:10"]
[TimeControl "2700+45"]

1. d4 Nf6 2. Bf4 e6 3. e3 b6 4. Nf3 Bb7 5. Bd3 d5 6. Nbd2 Nbd7 7. c3 c5 8. O-O
Be7 9. h3 Ne4 10. Bc2 f5 11. Ne5 Nxe5 12. Bxe5 O-O 13. Nxe4 dxe4 14. Bb3 Qc8 15.
Rc1 c4 16. Ba4 a6 17. Qd2 b5 18. Bd1 Bf6 19. f4 Bxe5 20. fxe5 Qd8 21. Rf2 g5 22.
g4 Qe8 23. gxf5 exf5 24. Rg2 Qe7 25. h4 g4 26. Qf2 h5 27. Rc2 Kh7 28. Rh2 g3 29.
Qf4 gxh2+ 30. Kxh2 Qf7 31. Rg2 Rg8 32. Rg5 Rxg5 33. hxg5 Qg6 34. Kh3 Kg7 35. Kh4
Bd5 36. Be2 Kf7 37. Bxh5 Qxh5+ {White resigns} 0-1

[Event "Team 45 45 League T84"]
[Site "Internet Chess Club"]
[Date "2020.05.12"]
[Round "6"]
[White "Visin"]
[Black "pagliaci"]
[Result "1-0"]
[WhiteElo "1245"]
[BlackElo "1218"]
[Opening "Petrov three knights game"]
[ECO "C42"]
[Time "10:05:07"]
[TimeControl "2700+45"]

1. e4 e5 2. Nf3 Nf6 3. Nc3 Bb4 4. d3 d5 5. exd5 Nxd5 6. Bd2 O-O 7. Be2 Nc6 8. a3
Nxc3 9. Bxc3 Bxc3+ 10. bxc3 Bd7 11. O-O Qf6 12. Nd2 Na5 13. Ne4 Qe7 14. Qd2 Rfe8
15. c4 Nc6 16. c3 Rad8 17. f4 Bf5 18. Ng3 Bg6 19. f5 e4 20. d4 Bxf5 21. Nxf5 Qe6
22. Qg5 g6 23. Ne3 Na5 24. Qxa5 {Black resigns} 1-0

[Event "Team 45 45 League T84"]
[Site "Internet Chess Club"]
[Date "2020.05.10"]
[Round "6"]
[White "mongmong"]
[Black "Gojira"]
[Result "0-1"]
[WhiteElo "1454"]
[BlackElo "1618"]
[Opening "QGD Slav: 4.e3 Bf5"]
[ECO "D12"]
[Time "09:31:51"]
[TimeControl "2700+45"]

1. d4 d5 2. Nf3 Nf6 3. e3 Bf5 4. c4 c6 5. Nc3 e6 6. Nh4 Bg4 7. Qb3 Qc7 8. h3 Bh5
9. g4 Bg6 10. Nxg6 hxg6 11. Bg2 Be7 12. Bd2 Nbd7 13. O-O-O dxc4 14. Qxc4 Nb6 15.
Qb3 Nfd5 16. Kb1 a5 17. Nxd5 exd5 18. Rc1 a4 19. Qc2 Nc4 20. Bxd5 cxd5 21. Ka1
{White resigns} 0-1

[Event "Team 45 45 League T84"]
[Site "Internet Chess Club"]
[Date "2020.05.08"]
[Round "6"]
[White "rkjulianjr"]
[Black "Pawnchain"]
[Result "1/2-1/2"]
[WhiteElo "1312"]
[BlackElo "1404"]
[Opening "Benkö gambit accepted"]
[ECO "A58"]
[Time "09:08:37"]
[TimeControl "2700+45"]

1. d4 Nf6 2. c4 c5 3. d5 b5 4. cxb5 a6 5. bxa6 g6 6. Nc3 Bxa6 7. e3 Bxf1 8. Kxf1
Bg7 9. Nf3 d6 10. Bd2 Qb6 11. Qc2 O-O 12. Ke2 Qa6+ 13. Qd3 Qxd3+ 14. Kxd3 Nbd7
{Game drawn by mutual agreement} 1/2-1/2

[Event "Team 45 45 League T84"]
[Site "Internet Chess Club"]
[Date "2020.05.09"]
[Round "6"]
[White "dabodhi"]
[Black "CMAlge"]
[Result "1-0"]
[WhiteElo "1317"]
[BlackElo "1193"]
[Opening "Scotch gambit: Dubois-Réti defense"]
[ECO "C55"]
[Time "16:00:46"]
[TimeControl "2700+45"]

1. e4 e5 2. Nf3 Nc6 3. d4 exd4 4. Bc4 Nf6 5. e5 Ng4 6. Qe2 Bb4+ 7. c3 dxc3 8.
bxc3 Bc5 9. Bxf7+ Kxf7 10. Ng5+ Kf8 11. Qxg4 h6 12. Qf5+ {Black resigns} 1-0

[Event "Team 45 45 League T84"]
[Site "Internet Chess Club"]
[Date "2020.05.10"]
[Round "6"]
[White "seldredg"]
[Black "stantheman59"]
[Result "0-1"]
[WhiteElo "1305"]
[BlackElo "1249"]
[Opening "Queen's pawn, Mason variation"]
[ECO "D00"]
[Time "13:31:13"]
[TimeControl "2700+45"]

1. d4 d5 2. Bf4 Bf5 3. e3 Nf6 4. Be2 e6 5. Nc3 Bb4 6. h3 Nc6 7. Nf3 Ne4 8. O-O
a6 9. Nxe4 Bxe4 10. c3 Bd6 11. Bxd6 Qxd6 12. a4 f6 13. b4 O-O 14. Nd2 e5 15. f3
Bg6 16. Nb3 exd4 17. Nxd4 Rae8 18. Qd2 Re7 19. f4 Be4 20. Bf3 Rfe8 21. Bxe4 Rxe4
22. Rae1 Nxd4 23. cxd4 Qe7 24. Rf3 f5 25. Qc3 c6 26. a5 Qh4 27. Re2 R8e6 28. Kh2
Qe7 29. Qd3 Qxb4 30. Qd2 Qe7 31. Qc3 Qc7 32. Qc5 g5 33. Rg3 h6 34. Kg1 Rxf4 35.
Qc2 Rfe4 36. Kf2 Qxa5 37. Qd1 b5 38. Rc2 Qa4 39. Qc1 b4 40. Rf3 Rf6 41. g4 b3
42. Rxf5 Rxf5+ 43. gxf5 bxc2 44. Qb2 Qa2 45. Qb8+ Kf7 46. Qc7+ Re7 47. Qd6 c1=Q+
48. Kf3 Qxe3+ 49. Kg4 Qae2# {White checkmated} 0-1

[Event "Team 45 45 League T84"]
[Site "Internet Chess Club"]
[Date "2020.05.07"]
[Round "6"]
[White "ascoli"]
[Black "bardu"]
[Result "1-0"]
[WhiteElo "1607"]
[BlackElo "1324"]
[Opening "Nimzo-Indian: Kmoch variation"]
[ECO "E20"]
[Time "10:24:09"]
[TimeControl "2700+45"]

1. d4 Nf6 2. c4 e6 3. Nc3 Bb4 4. f3 c5 5. d5 O-O 6. e4 d6 7. Bd3 b5 8. cxb5 exd5
9. exd5 a6 10. Ne2 Qb6 11. Be3 Bxc3+ 12. bxc3 axb5 13. O-O Nxd5 14. Bxh7+ Kxh7
15. Qxd5 Bb7 16. Qh5+ Kg8 17. Qg4 d5 18. Ng3 g6 19. Nf5 Qe6 20. Nh6+ Kh7 21. Qf4
Kg7 22. Bxc5 Nd7 23. Bxf8+ Rxf8 24. Rfe1 Qf6 25. Qe3 Ne5 26. Qxe5 Qxe5 27. Rxe5
Kxh6 28. Re7 Bc8 29. Rb1 {Black resigns} 1-0

[Event "Team 45 45 League T84"]
[Site "Internet Chess Club"]
[Date "2020.05.10"]
[Round "6"]
[White "wankan"]
[Black "Visin"]
[Result "1-0"]
[WhiteElo "1399"]
[BlackElo "1232"]
[Opening "Queen's pawn, Mason variation"]
[ECO "D00"]
[Time "13:30:53"]
[TimeControl "2700+45"]

1. d4 d5 2. Bf4 Nf6 3. e3 a6 4. Nd2 Bf5 5. c3 Nbd7 6. Ngf3 e6 7. Nh4 Bg6 8. Nxg6
hxg6 9. h3 Nb6 10. Bd3 Bd6 11. Bxd6 Qxd6 12. Qc2 Rc8 13. O-O c5 14. Qd1 c4 15.
Bc2 g5 16. e4 dxe4 17. Nxe4 Nxe4 18. Bxe4 Nd5 19. Re1 O-O 20. Qh5 f5 21. Bxd5
exd5 22. Qxg5 Qf6 23. Qxf6 Rxf6 24. Re7 b5 25. Rd7 Re8 26. Kf1 Rfe6 27. Rxd5 g6
28. f4 Kf7 29. Re5 Kf6 30. Kf2 g5 31. g3 gxf4 32. gxf4 Rxe5 33. dxe5+ Ke6 34.
Rd1 {Black resigns} 1-0